 Dungeon Crawl Stone Soup version 0.30-a0-134-gb40fab5c76 (webtiles) character file.

Game seed: 17568162807391521280

37 SensoryNuts the Trooper (level 3, -2/29 HPs)
             Began as a Demonspawn Fighter on Sept 19, 2022.
             Slain by a gnoll
             ... wielding a +0 halberd
              (11 damage)
             ... on level 2 of the Dungeon.
             The game lasted 00:01:05 (1290 turns).

SensoryNuts the Trooper (Demonspawn Fighter)        Turns: 1290, Time: 00:01:06

Health: -2/29      AC:  9    Str: 18    XL:     3   Next: 23%
Magic:  3/3        EV:  9    Int: 14    God:
Gold:   112        SH:  4    Dex: 12    Spells: 2/2 levels left

rFire   . . .      SeeInvis .    a - +0 war axe
rCold   . . .      Faith    .    c - +0 buckler
rNeg    . . .      Spirit   .    b - +0 scale mail
rPois   .          Reflect  .    (helmet restricted)
rElec   .          Harm     .    (no cloak)
rCorr   .          Rampage  .    h - +2 pair of gloves "Peamuqu" {Int+5}
Will    .....                    (no boots)
Stlth   ..........               (no amulet)
HPRegen 0.09/turn                (no ring)
MPRegen 0.08/turn                (no ring)

@: no status effects
A: horns 1
a: no special abilities


You were on level 2 of the Dungeon.
You visited 1 branch of the dungeon, and saw 2 of its levels.

You collected 112 gold pieces.

Inventory:

Hand Weapons
 a - a +0 war axe (weapon)
Missiles
 g - a throwing net (quivered)
Armour
 b - a +0 scale mail (worn)
 c - a +0 buckler (worn)
 h - the +2 pair of gloves "Peamuqu" (worn) {Int+5}
   (You found it on level 2 of the Dungeon)

   Int:       It affects your intelligence (+5).
Scrolls
 i - a scroll of identify {unknown}
Potions
 d - a potion of might
 e - 3 potions of cancellation {unknown}
 f - a potion of attraction {unknown}


   Skills:
 + Level 3.3 Fighting
 * Level 2.5 Axes
 + Level 2.9 Armour
 + Level 0.1 Dodging
 + Level 3.0 Shields


You had 2 spell levels left.
You didn't know any spells.
Your spell library was empty.

Dungeon Overview and Level Annotations

Branches:
Dungeon (2/15)

Altars:


Innate Abilities, Weirdness & Mutations

You have a pair of small horns on your head.


Message History

A kobold is nearby!
A kobold is nearby!
The kobold throws a stone.
The stone closely misses you.
Something hits the plant!
The plant begins to die.
A gnoll comes into view. It is wielding a +0 halberd.
The kobold throws a stone.
The stone hits you.
A gnoll comes into view. It is wielding a +0 whip.
The gnoll moves out of view.
A gnoll comes into view. It is wielding a +0 halberd.
The gnoll shouts! x2
The gnoll moves out of view.
You barely miss the kobold.
A nearby plant withers and dies. x2
The kobold hits you but does no damage.
The gnoll hits you from afar with a +0 halberd!
The kobold barely misses you.
The gnoll hits you from afar with a +0 halberd.
The gnoll closely misses you.
You slash the kobold!
You kill the kobold!
The gnoll closely misses you. The gnoll hits you but does no damage.
Found 6 boomerangs and 8 stones.
The gnoll hits you with a +0 halberd. The gnoll barely misses you.
You are too injured to fight recklessly!
You are too injured to fight recklessly!
You are too injured to fight recklessly!
You are too injured to fight recklessly!
You are too injured to fight recklessly!
You are too injured to fight recklessly!
You are too injured to fight recklessly!
You are too injured to fight recklessly!
You are too injured to fight recklessly!
You are too injured to fight recklessly!
You are too injured to fight recklessly!
You are too injured to fight recklessly!
You are too injured to fight recklessly!
Unknown command.
The gnoll attacks as you move away! The gnoll hits you with a +0 halberd.
The gnoll barely misses you.
The gnoll hits you from afar with a +0 halberd!
You die...

.P....PP.# ## .P.....P.##
.. .^.P.P..... ..##
.P.PP..P.. ... .......P.##
. ## ..PP..P...##
.......#. (.....g....#
......... .....gg.)#.#
..[......# .....###@#.#
.........## (....###.#.#
............
............##...........#
...#.##.....#............#
...#.###.................#
#.....####................
#.. #..##..............#..
#.##.......##.#..........
#..#..).#####............


You could see 3 gnolls.

Vanquished Creatures
  An adder (D:2)
  A dart slug (D:2)
  3 endoplasms
  A giant cockroach (D:1)
  3 goblins
  4 hobgoblins
  A ball python (D:1)
  A bat (D:1)
  A frilled lizard (D:1)
  5 kobolds
  4 rats
25 creatures vanquished.

Vanquished Creatures (others)
  2 plants (D:2)
2 creatures vanquished.

Grand Total: 27 creatures vanquished

Notes
Turn   | Place    | Note
-------+----------+-------------------------------------------
     0 | D:1      | SensoryNuts the Demonspawn Fighter began the quest for the
                  | Orb.
     0 | D:1      | Reached XP level 1. HP: 18/18 MP: 1/1
   310 | D:1      | Gained mutation: You have a pair of small horns on your
                  | head. [demonic ancestry]
   310 | D:1      | Reached XP level 2. HP: 24/24 MP: 2/2
   572 | D:1      | Found a faded altar of an unknown god.
   943 | D:2      | Identified the +2 pair of gloves "Peamuqu" {Int+5}
  1271 | D:2      | Reached XP level 3. HP: 29/29 MP: 3/3
  1290 | D:2      | Slain by a gnoll

Illustrated notes

Levels and vault maps discovered:
D:1:      saegor_arrival_under_anarchy, layout_basic,
          shapermc_ecumenical_altar_venn
D:2:      layout_rooms, minmay_misc_feat_encased, nicolae_grassy_gnolls

Skill      XL: |  1  2  3 |
---------------+----------+-----
Axes           | 2 |  2.5
Shields        | 3 |  3.0
Fighting       | |  3.3
Armour         | |  2.9
Dodging        | |  0.1

Action                   || total
-------------------------++-------
Melee: War axe           ||    58
       Headbutt          ||     5
  Use: Scroll            ||     2
Armor: Scale mail        ||    28
Dodge: Dodged            ||    16
Block: Buckler           ||    13

Table legend: (Time is in decaauts)
 A = Elapsed time spent in this place.
 B = Non-inter-level travel time spent in this place.
 C = Inter-level travel time spent in this place.
 D = Time resting spent in this place.
 E = Time spent auto-exploring this place.
 F = Levels seen in this place.
 G = Mean time per level.
                   A        B        C        D        E       F      G
               +--------+--------+--------+--------+--------+-----+--------+
         Total |   1315 |   1236 |     79 |      0 |   1059 |   2 |  657.5 |
       Dungeon |   1315 |   1236 |     79 |      0 |   1059 |   2 |  657.5 |
               +--------+--------+--------+--------+--------+-----+--------+

Top non-repeatable levels by time:
     D:1: 943 daAuts
     D:2: 371 daAuts
